 Dungeon Crawl Stone Soup version 0.27.1-34-g3ba077fa99 (webtiles) character file.

Game seed: 9590540505722567681

23 zeram the Shield-Bearer (level 3, 0/26 HPs)
             Began as an Octopode Fighter on Jan 19, 2022.
             Constricted to death by a ball python (1 damage)
             ... on level 1 of the Dungeon.
             The game lasted 00:00:58 (459 turns).

zeram the Shield-Bearer (Octopode Fighter)           Turns: 459, Time: 00:00:59

Health: 0/26       AC:  1    Str: 15    XL:     3   Next: 0%
Magic:  3/3        EV:  8    Int: 11    God:
Gold:   23         SH:  8    Dex: 11    Spells: 2/2 levels left

rFire    . . .     SeeInvis .   a - +0 trident
rCold    . . .     Faith    .   b - +0 kite shield
rNeg     . . .     Spirit   .   (helmet restricted)
rPois    .         Reflect  .   (no amulet)
rElec    .         Harm     .   (no ring)
rCorr    .         Rampage  .   (no ring)
Will     .....                  (no ring)
Stlth    ++........             (no ring)
HPRegen  0.08/turn              (no ring)
MPRegen  0.08/turn              (no ring)
                                (no ring)
                                (no ring)

@: constricted
A: almost no armour, amphibious, 8 rings, camouflage 1, gelatinous body 1,
(nimble swimmer 1), tentacles
a: no special abilities


You were on level 1 of the Dungeon.
You visited 1 branch of the dungeon, and saw 1 of its levels.

You collected 23 gold pieces.

Inventory:

Hand Weapons
 a - a +0 trident (weapon)
Armour
 b - a +0 kite shield (worn)
Scrolls
 d - a scroll of blinking {unknown}
Potions
 c - a potion of might


   Skills:
 - Level 3.0 Fighting
 + Level 2.3 Polearms
 + Level 3.4 Dodging
 + Level 3.4 Shields


You had 2 spell levels left.
You didn't know any spells.
Your spell library was empty.

Dungeon Overview and Level Annotations

Branches:
Dungeon (1/15)

Altars:


Innate Abilities, Weirdness & Mutations

You cannot wear most types of armour.
You are amphibious.
You can wear up to eight rings at the same time.
Your skin changes colour to match your surroundings (Stealth+).
Your rubbery body absorbs attacks. (AC +1, EV +1)
((You are camouflaged near water. (Stealth+)))
You have tentacles for arms and can constrict up to eight enemies at once.


Message History

The frilled lizard bites you. The frilled lizard barely misses you.
Your shield prevents you from hitting the frilled lizard.
Your grab misses the frilled lizard. The frilled lizard bites you.
You closely miss the ball python. Your grab misses the ball python.
Your squeeze misses the ball python. You block the ball python's attack.
The ball python grabs you. The ball python constricts you.
The frilled lizard bites you. You block the ball python's attack.
The ball python constricts you.
Your shield prevents you from hitting the ball python.
Your grab misses the ball python. The frilled lizard bites you.
You block the ball python's attack. The ball python constricts you.
The frilled lizard bites you.
Unknown command.
You are too injured to fight recklessly!
You are too injured to fight recklessly!
You are too injured to fight recklessly!
You are too injured to fight recklessly!
Unknown command.
You are too injured to fight recklessly!
You closely miss the ball python. Your grab misses the ball python.
The ball python bites you. The ball python constricts you.
The frilled lizard closely misses you. The ball python bites you.
The ball python constricts you.
Unknown command.
You barely miss the ball python. Your grab misses the ball python.
You block the frilled lizard's attack. The ball python bites you.
* * * LOW HITPOINT WARNING * * *
The ball python constricts you.
* * * LOW HITPOINT WARNING * * *
The ball python bites you.
* * * LOW HITPOINT WARNING * * *
The ball python constricts you.
* * * LOW HITPOINT WARNING * * *
The frilled lizard barely misses you.
Okay, then.
Unknown command.
You closely miss the ball python. Your grab misses the ball python.
Your squeeze misses the ball python. The ball python closely misses you.
The ball python constricts you.
You die...

##..... #..#.. #+.
#.... ..#. #...
..... #..# ...).
#..# ....#
##########..##..._
#.......†...#S.#
#.####.####.@l.#
###.####..#...... #
#........#)......
#.##.#.####......#..
#.†....# #.........
#####.### #####.....
#.......# #####
#.###.#.# ......#.##
#######


You could see a ball python and a frilled lizard.

Vanquished Creatures
  2 dart slugs (D:1)
  2 endoplasms (D:1)
  A goblin (D:1)
  A hobgoblin (D:1)
  A quokka (D:1)
  3 ball pythons (D:1)
  A bat (D:1)
  A frilled lizard (D:1)
  4 kobolds (D:1)
  5 rats (D:1)
21 creatures vanquished.

Notes
Turn   | Place    | Note
-------+----------+-------------------------------------------
     0 | D:1      | zeram the Octopode Fighter began the quest for the Orb.
     0 | D:1      | Reached XP level 1. HP: 16/16 MP: 1/1
   111 | D:1      | Reached XP level 2. HP: 21/21 MP: 2/2
   447 | D:1      | Found a faded altar of an unknown god.
   453 | D:1      | Reached XP level 3. HP: 25/26 MP: 3/3
   458 | D:1      | HP: 1/26 [constriction (1)]
   459 | D:1      | Constricted to death by a ball python

Illustrated notes

Levels and vault maps discovered:
D:1:      kennysheep_arrival_seaside, layout_loops_cross,
          hellmonk_ecumenical_altar_blasted, minmay_tall_x

Action                   || total
-------------------------++-------
Melee: Trident           ||    42
       Tentacles         ||     4
       Constrict         ||     4
 Stab: Sleeping          ||     4
       Distracted        ||     1
Dodge: Dodged            ||    14
Block: Kite shield       ||    11
